 Dungeon Crawl Stone Soup version 0.27-a0-1324-ge0d8e047f6 (webtiles) character file.

Game seed: 254098693147580478

2016 snetch the Magician (level 9, 0/57 HPs)
             Began as a Djinni Fire Elementalist on June 23, 2021.
             Was a Priest of Dithmenos.
             Slain by a wight (13 damage)
             ... on level 6 of the Dungeon.
             The game lasted 00:27:34 (6843 turns).

snetch the Magician (Djinni Fire Elementalist)      Turns: 6843, Time: 00:27:35

Health: 0/57       AC:  7    Str:  7    XL:     9   Next: 46%
Gold:   235        EV: 14    Int: 19    God:    Dithmenos [***...] SH:  0 Dex: 21

rFire    + + .     SeeInvis .   P - +2 falchion
rCold    x . .     Faith    .   (no shield)
rNeg     . . .     Spirit   .   v - +0 leather armour
rPois    ∞         Reflect  .   (no helmet)
rElec    .         Harm     .   (no cloak)
rCorr    .         Rampage  .   (no gloves)
Will     .....                  (boots unavailable)
Stlth    ++++......             K - amulet of the acrobat
HPRegen  0.19/turn              b - +4 ring of protection
MPRegen  0.00/turn              A - +6 ring of dexterity

@: flying, wreathed by umbra
A: sickness immunity, fire resistance 2, cold vulnerability 1, float, innate
caster, hp casting, extra vitality 1
a: Renounce Religion, Shadow Step


You were on level 6 of the Dungeon.
You worshipped Dithmenos.
Dithmenos was most pleased with you.
You visited 2 branches of the dungeon, and saw 8 of its levels.

You collected 235 gold pieces.

Inventory:

Hand Weapons
 o - a +3 scythe of venom
 y - a +0 trident
 H - a +3 dire flail of protection
 M - a +0 vorpal mace
 P - a +2 falchion (weapon)
Missiles
 c - 298 stones
 n - 108 arrows
 s - 44 sling bullets
 t - 5 boomerangs
 z - 22 poisoned darts
 C - 10 javelins
 E - 37 bolts
Armour
 e - a +0 ring mail
 p - a +0 ring mail
 q - a +2 helmet
 v - a +0 leather armour (worn)
 x - a +0 scale mail
Magical Staves
 d - a staff of air
Jewellery
 b - a +4 ring of protection (left hand)
 l - a ring of see invisible
 A - a +6 ring of dexterity (right hand)
 K - an amulet of the acrobat (around neck)
Wands
 r - a wand of charming (4)
 F - a wand of digging (4)
 J - a wand of polymorph (5)
 N - a wand of paralysis (11)
Scrolls
 f - a scroll of fog {unknown}
 g - 2 scrolls of enchant armour {unknown}
 h - 7 scrolls of identify {unknown}
 i - 2 scrolls of teleportation {unknown}
 k - 2 scrolls of immolation {unknown}
 m - 3 scrolls of amnesia {unknown}
 B - a scroll of magic mapping {unknown}
 I - 3 scrolls of vulnerability {unknown}
Potions
 u - 2 potions of berserk rage {unknown}
 w - a potion of degeneration {unknown}
 D - 2 potions of lignification {unknown}
 G - a potion of magic {unknown}
 L - a potion of heal wounds {unknown}
 O - 2 potions of haste {unknown}


   Skills:
 + Level 1.1 Fighting
 + Level 3.8 Armour
 + Level 4.3 Dodging
 + Level 3.5 Stealth
 + Level 7.9 Spellcasting


You couldn't memorise any spells.
You knew the following spells:

 Your Spells              Type           Power      Damage    Failure   Level
a - Foxfire               Conj/Fire      100%       2x1d9     1%          1
b - Conjure Flame         Conj/Fire      37%        6-21      1%          3
c - Inner Flame           Hex/Fire       37%        N/A       1%          3
d - Sticky Flame          Conj/Fire      37%        2d6       4%          4
e - Fireball              Conj/Fire      18%        3d9       14%         5
f - Animate Skeleton      Necr           74%        N/A       1%          1
g - Wereblood             Tmut           37%        N/A       1%          2
h - Mephitic Cloud        Conj/Pois/Air  37%        N/A       1%          3
i - Hailstorm             Conj/Ice       37%        3d9       4%          4
Your spell library was empty.

Dungeon Overview and Level Annotations

Branches:
Dungeon (7/15)             Temple (1/1) D:5

Altars:
Ashenzari
Cheibriados
Dithmenos
Elyvilon
Fedhas
Gozag
Hepliaklqana
Makhleb
Nemelex Xobeh
Okawaru
Sif Muna
Trog
Uskayaw
Vehumet
Wu Jian
Xom
Yredelemnul
Zin
The Shining One

Shops:
D:6 :

Annotations:
D:3 gold behind rock, 2 transporters, ClockworkOrrery's ghost, amateur GrFi


Innate Abilities, Weirdness & Mutations

You are immune to sickness and miasma.
You are immune to poison.
Your flesh is very heat resistant. (rF++)
You are vulnerable to cold. (rC-)
You float through the air rather than walking.
You learn spells naturally, not from books.
Your magical power is your life essence.
You have superior vitality. (+4 HP)


Message History

a +0 spear; a +0 whip; a gnoll corpse
Casting: Foxfire (safe; 1% risk of failure)
Confirm with . or Enter, or press ? or * to list all spells.
You attempt to give life to the dead...
Before your eyes, flesh is ripped from the corpse!
The dead are walking!
Press: ? - help, v - describe, . - travel
Here: a gnoll skeleton, wielding a +0 whip (friendly, umbra)
The floor.
Casting: Animate Skeleton (safe; 1% risk of failure)
Confirm with . or Enter, or press ? or * to list all spells.
You attempt to give life to the dead...
Before your eyes, flesh is ripped from the corpse!
The dead are walking!
Your gnoll skeleton closely misses the wight.
Casting: Animate Skeleton (safe; 1% risk of failure)
Confirm with . or Enter, or press ? or * to list all spells.
You attempt to give life to the dead...
Before your eyes, flesh is ripped from the corpse!
The dead are walking!
Your gnoll skeleton barely misses the wight.
The wight barely misses you.
Your gnoll skeleton hits the wight with a +0 whip.
You hit the wight.
The wight is moderately damaged.
The wight barely misses you.
You riposte.
You hit the wight but do no damage.
The wight is moderately damaged.
Your gnoll skeleton hits the wight with a +0 whip.
The wight hits you with a +5 dire flail!
Unknown command.
Your gnoll skeleton hits the wight but does no damage.
The wight hits you with a +5 dire flail!
* * * LOW HITPOINT WARNING * * *
Unknown command.
Your gnoll skeleton hits the wight with a +0 club.
You hit the wight.
The wight is severely damaged.
Your gnoll skeleton barely misses the wight.
The wight hits you with a +5 dire flail!
You die...

.. ... #............#
... .. #............#
.... ..
#..[.........#
....##.
#............## .....
#.)..).......#.
#..###)...[.......#.
##.ZZZ..#########'##.
+...z##......####.##.
###.@##.<....#....##.
#..##......#.#####.
#..##......#.#####.
#...+......+.......
#.###......##......
.. #......##...... ..
#......######## ..#
##........)....
#.............


You could see a wight (ally target) and 3 friendly gnoll skeletons.

Vanquished Creatures
  An unseen horror (D:6)
  Sigmund (D:2)
  Edmund (D:4)
  An ice beast (D:5)
  A sky beast (D:6)
  An orc warrior (D:7)
  2 black bears
  A necrophage (D:5)
  A centaur (D:5)
  A phantom (D:6)
  A howler monkey (D:3)
  2 wights (D:6)
  A centaur zombie (D:6)
  5 hounds
  A gnoll shaman (D:6)
  A centaur skeleton (D:4)
  2 iguanas (D:5)
  Terence (D:2)
  A killer bee zombie (D:4)
  2 hound skeletons (D:4)
  A howler monkey zombie (D:7)
  Robin (D:2)
  4 gnolls (D:6)
  7 adders
  A shadow imp (D:6)
  2 adder skeletons (D:4)
  3 worms
  2 dart slugs
  9 orcs
  9 ball pythons
  8 bats
  9 endoplasms
  7 giant cockroaches
  14 goblins
  6 hobgoblins
  2 jackals (D:1)
  5 kobolds
  3 quokkas
  3 frilled lizards
  7 rats
131 creatures vanquished.

Vanquished Creatures (collateral kills)
  A hound skeleton (D:5)
  An adder (D:2)
  A kobold (D:2)
3 creatures vanquished.

Vanquished Creatures (others)
  607 foxfires
607 creatures vanquished.

Grand Total: 741 creatures vanquished

Notes
Turn   | Place    | Note
-------+----------+-------------------------------------------
     0 | D:1      | snetch the Djinni Fire Elementalist began the quest for the
                  | Orb.
     0 | D:1      | Reached XP level 1. HP: 15/15 MP: 0/0
   102 | D:1      | Found a faded altar of an unknown god.
   112 | D:1      | Became a worshipper of Dithmenos the Shadowed
   112 | D:1      | Reached * piety under Dithmenos
   384 | D:1      | Reached XP level 2. HP: 19/21 MP: 0/0
   938 | D:1      | Reached skill level 3 in Spellcasting
   972 | D:2      | Reached XP level 3. HP: 22/25 MP: 0/0
   972 | D:2      | Learned a level 1 spell: Animate Skeleton
  1171 | D:2      | Noticed Sigmund
  1180 | D:2      | Killed Sigmund
  1181 | D:2      | Reached skill level 4 in Spellcasting
  1181 | D:2      | Reached XP level 4. HP: 18/31 MP: 0/0
  1181 | D:2      | Reached XP level 5. HP: 20/35 MP: 0/0
  1181 | D:2      | Learned a level 2 spell: Wereblood
  1181 | D:2      | Reached XP level 6. HP: 23/40 MP: 0/0
  1437 | D:2      | Reached ** piety under Dithmenos
  1442 | D:2      | Noticed Robin
  1452 | D:2      | Killed Robin
  2024 | D:3      | Found an opulent altar of Gozag.
  2045 | D:3      | Found an opulent altar of Gozag.
  2045 | D:3      | Found an opulent altar of Gozag.
  2059 | D:3      | Found an opulent altar of Gozag.
  2227 | D:3      | Found a bloodstained altar of Trog.
  2255 | D:4      | Noticed a black bear
  2355 | D:3      | Reached *** piety under Dithmenos
  2403 | D:3      | Reached skill level 5 in Spellcasting
  2403 | D:3      | Reached XP level 7. HP: 43/45 MP: 0/0
  2403 | D:3      | Learned a level 3 spell: Mephitic Cloud
  2776 | D:2      | Noticed Terence
  2785 | D:2      | Killed Terence
  3607 | D:3      | Found a transporter.
  3610 | D:3      | Noticed ClockworkOrrery's ghost (amateur GrFi)
  3642 | D:3      | Found a transporter.
  3794 | D:4      | Noticed Edmund
  4027 | D:5      | Entered Level 5 of the Dungeon
  4433 | D:4      | Killed Edmund
  4434 | D:4      | Reached skill level 1 in Armour
  4434 | D:4      | Reached XP level 8. HP: 33/51 MP: 0/0
  4673 | D:5      | Reached skill level 6 in Spellcasting
  4798 | D:5      | Found a snail-covered altar of Cheibriados.
  4950 | D:5      | Found a staircase to the Ecumenical Temple.
  4962 | Temple   | Entered the Ecumenical Temple
  5636 | D:6      | Found Zelaiwk's Book Shop.
  5799 | D:7      | Reached skill level 1 in Fighting
  5799 | D:7      | Reached skill level 7 in Spellcasting
  6152 | D:6      | Reached XP level 9. HP: 52/57 MP: 0/0
  6152 | D:6      | Learned a level 4 spell: Hailstorm
  6235 | D:6      | Found a shadowy altar of Dithmenos.
  6250 | D:6      | Noticed an unseen horror
  6263 | D:6      | Killed an unseen horror
  6843 | D:6      | Slain by a wight

Illustrated notes

Levels and vault maps discovered:
D:1:      minmay_arrival_five_plusses, layout_loops_ring,
          hellmonk_ecumenical_altar_run_dry
D:2:      minmay_skewed_foursquare, layout_basic, uniq_terence, uniq_robin,
          uniq_sigmund
D:3:      layout_rooms, bloody_trog, nicolae_gozag_conspicuous_consumption,
          gammafunk_ghost_stat_death
D:4:      layout_cave_pools, kennysheep_generic_room_5, uniq_edmund
D:5:      layout_gridville, slow_altar_1, temple_green
D:6:      layout_basic, nicolae_dithmenos_shadow_blocks, serial_shops, shop
D:7:      layout_gridville, tgw_kikubaaqudgha, nicolae_ru_sacrificial_ziggurat,
          nicolae_shop_gadgets
Temple:   regret_index_temple_generic_petals

Skill      XL: |  1  2  3  4  5  6  7  8  9 |
---------------+----------------------------+-----
Spellcasting   | 3 4 5 7 |  7.9
Stealth        | 2 3 |  3.5
Dodging        | 3 4 |  4.3
Armour         | 1 3 |  3.8
Fighting       | 1 |  1.1

Action                   |  1- 3 |  4- 6 |  7- 9 || total
-------------------------+-------+-------+-------++-------
Melee: Long sword        |     3 |     3 |    10 ||    16
       Dire flail        |       |       |     2 ||     2
       Falchion          |       |       |     2 ||     2
 Cast: Foxfire           |    48 |    78 |   231 ||   357
       Animate Skeleton  |     2 |    11 |    18 ||    31
       Mephitic Cloud    |       |       |     3 ||     3
       Fireball          |       |       |     2 ||     2
Armor: Robe              |       |     4 |       ||     4
       Leather armour    |       |       |    18 ||    18
Dodge: Dodged            |     2 |    11 |    57 ||    70
       Rpst.: Long sword |       |     5 |     5 ||    10
       Falchion          |       |       |     1 ||     1

Table legend: (Time is in decaauts)
 A = Elapsed time spent in this place.
 B = Non-inter-level travel time spent in this place.
 C = Inter-level travel time spent in this place.
 D = Time resting spent in this place.
 E = Time spent auto-exploring this place.
 F = Levels seen in this place.
 G = Mean time per level.
                   A        B        C        D        E       F      G
               +--------+--------+--------+--------+--------+-----+--------+
         Total |   6863 |   6564 |    299 |     86 |   4818 |   8 |  857.9 |
       Dungeon |   6646 |   6369 |    277 |     86 |   4625 |   7 |  949.4 |
        Temple |    216 |    194 |     22 |      0 |    193 |   1 |  216.0 |
               +--------+--------+--------+--------+--------+-----+--------+

Top non-repeatable levels by time:
     D:2: 1647 daAuts
     D:6: 1133 daAuts
     D:1: 1125 daAuts
     D:3: 976 daAuts
     D:4: 858 daAuts
     D:5: 853 daAuts
  Temple: 216 daAuts
     D:7: 52 daAuts
